 Dungeon Crawl Stone Soup version 0.28-a0-691-gad6df49e81 (webtiles) character file.

Game seed: 11536192922915211104

25 Figureslego113 the Skirmisher (level 3, -1/33 HPs)
             Began as a Hill Orc Abyssal Knight on Oct 21, 2021.
             Was a Follower of Lugonu.
             Slain by Robin (6 damage)
             ... on level 2 of the Dungeon.
             The game lasted 00:01:30 (1018 turns).

Figureslego113 the Skirmisher (HOAK)                Turns: 1018, Time: 00:01:31

Health: -1/33      AC:  3    Str: 13 (16) XL:     3   Next: 4%
Magic:  5/5        EV: 11    Int:  7 (10) God:    Lugonu [*.....]
Gold:   43         SH:  0    Dex:  9 (11) Spells: 2/2 levels left

rFire   . . .      SeeInvis .   a - +1 hand axe
rCold   . . .      Faith    .   (no shield)
rNeg    . . .      Spirit   .   b - +0 leather armour
rPois   .          Reflect  .   (no helmet)
rElec   .          Harm     .   (no cloak)
rCorr   .          Rampage  .   (no gloves)
Will    .....                   (no boots)
Stlth   +.........              (no amulet)
HPRegen 0.11/turn               (no ring)
MPRegen 0.09/turn               (no ring)

@: attractive, hasted, very quick
A: no striking features
a: Renounce Religion, Depart the Abyss


You were on level 2 of the Dungeon.
You worshipped Lugonu.
Lugonu was aware of your devotion.
You visited 1 branch of the dungeon, and saw 2 of its levels.
You visited the Abyss 1 time.

You collected 43 gold pieces.

Inventory:

Hand Weapons
 a - a +1 hand axe (weapon)
Armour
 b - a +0 leather armour (worn)
Scrolls
 c - a scroll of teleportation {unknown}
 e - a scroll of identify {unknown}
 f - a scroll of noise {unknown}
 h - a scroll of amnesia {unknown}
Potions
 d - a potion of haste


   Skills:
 * Level 4.0 Fighting
 + Level 3.0 Axes
 + Level 2.3 Armour
 + Level 1.2 Dodging
 * Level 3.1 Invocations


You had 2 spell levels left.
You didn't know any spells.
Your spell library was empty.

Dungeon Overview and Level Annotations

Branches:
Dungeon (2/15)

Altars:

Annotations:
D:2 Robin


Message History

Lugonu accepts your kill.
You barely miss Robin. You closely miss the goblin. x2
Robin hits you with a +1 mace of holy wrath!
The goblin closely misses you. The goblin hits you but does no damage.
Robin hits you with a +1 mace of holy wrath.
* * * LOW HITPOINT WARNING * * *
The goblin misses you.
Robin roars a battlecry!
The goblins go into a battle-frenzy!
You see here a +0 club.
The goblin hits you with a +0 club.
* * * LOW HITPOINT WARNING * * *
Robin throws the goblin at you!
* * * LOW HITPOINT WARNING * * *
The goblin barely misses you.
You barely miss the goblin.
The goblin is severely wounded.
You hit the goblin.
You kill the goblin!
Lugonu accepts your kill. The goblin barely misses you.
Robin laughs in a distinctly smug fashion.
Your Axes skill increases to level 3!
You have reached level 3!
Your experience leads to an increase in your attributes!
Increase (S)trength, (I)ntelligence, or (D)exterity?
You feel stronger.
You hit the goblin.
You kill the goblin!
Lugonu accepts your kill.
You see here a +0 club.
It was a potion of haste.
You feel yourself speed up. Robin closely misses you.
It was a potion of attraction.
You feel attractive to monsters.
It was a potion of degeneration.
There was something very wrong with that liquid.
You feel weakened.
You feel dopey.
You feel clumsy. Robin closely misses you.
Robin hits you with a +1 mace of holy wrath.
You die...

#### ##### ....
.... ..###..
#.#.## ##. #@..#
... ##g## #..
#.# #.. #)#
###..####.##
.....>.....#####
#.$.†))........
#...)))..######
#....###..#<.##


You could see Robin.

Vanquished Creatures
  A bat (D:1)
  2 endoplasms (D:1)
  10 goblins
  2 hobgoblins (D:2)
  2 ball pythons
  A frilled lizard (D:1)
  4 rats
22 creatures vanquished.

Notes
Turn   | Place    | Note
-------+----------+-------------------------------------------
     0 | Abyss:1  | Figureslego113 the Hill Orc Abyssal Knight began the quest
                  | for the Orb.
     0 | Abyss:1  | Reached XP level 1. HP: 19/19 MP: 2/2
     0 | D:1      | Escaped the Abyss
    14 | D:1      | Noticed a draconian
    21 | D:1      | Noticed a dwarf
    24 | D:1      | Noticed an ogre
    24 | D:1      | Noticed a naga
    26 | D:1      | Noticed a minotaur
    26 | D:1      | Noticed a dwarf
    28 | D:1      | Noticed a vine stalker
    28 | D:1      | Noticed a demigod
    30 | D:1      | Noticed a ghoul
    30 | D:1      | Noticed a human
    34 | D:1      | Noticed a ghoul
   140 | D:1      | Found a faded altar of an unknown god.
   495 | D:1      | Reached skill level 1 in Dodging
   495 | D:1      | Reached XP level 2. HP: 25/27 MP: 4/4
   676 | D:1      | Reached * piety under Lugonu
   990 | D:2      | Noticed Robin
  1004 | D:2      | Reached skill level 4 in Fighting
  1011 | D:2      | Reached XP level 3. HP: 5/33 MP: 5/5
  1018 | D:2      | Slain by Robin

Illustrated notes

Levels and vault maps discovered:
D:1:      shiori_arrival_whats_in_store_for_you, layout_loops_corners,
          shapermc_ecumenical_altar_mp_urbaneastern
D:2:      minmay_angry_zag, layout_loops_ring, palyth_stone_intersect,
          st_stairs_9, patterned_corridor, uniq_natasha, uniq_robin

Skill      XL: |  1  2 |
---------------+-------+-----
Dodging        | 1 |  1.2
Invocations    | 3 |  3.1
Fighting       | 4 |  4.0
Axes           | 3 |  3.0
Armour         | |  2.3

Action                   || total
-------------------------++-------
Melee: Hand axe          ||    42
Invok: Depart the Abyss  ||     1
  Use: Potion            ||     3
Armor: Leather armour    ||    21
Dodge: Dodged            ||    42

Table legend: (Time is in decaauts)
 A = Elapsed time spent in this place.
 B = Non-inter-level travel time spent in this place.
 C = Inter-level travel time spent in this place.
 D = Time resting spent in this place.
 E = Time spent auto-exploring this place.
 F = Levels seen in this place.
 G = Mean time per level.
                   A        B        C        D        E       F      G
               +--------+--------+--------+--------+--------+-----+--------+
         Total |   1022 |   1004 |     18 |      0 |    891 |   3 |  340.7 |
       Dungeon |   1022 |   1004 |     18 |      0 |    891 |   2 |  511.0 |
         Abyss |      0 |      0 |      0 |      0 |      0 |   1 |    0.0 |
               +--------+--------+--------+--------+--------+-----+--------+

Top non-repeatable levels by time:
     D:1: 991 daAuts
     D:2: 31 daAuts
